 Dungeon Crawl Stone Soup version 0.23-a0-139-ga22e90c45f (webtiles) character file.

27 Holzbalken the Ruffian (level 2, 0/23 HPs)
             Began as a Draconian Transmuter on Aug 31, 2018.
             Was an Initiate of Nemelex Xobeh.
             Succumbed to an adder's poison
             ... on level 2 of the Dungeon.
             The game lasted 00:03:20 (580 turns).

Holzbalken the Ruffian (Draconian Transmuter)        Turns: 580, Time: 00:03:21

Health: 0/23       AC:  4    Str: 17    XL:     2   Next: 93%
Magic:  5/5        EV: 12    Int: 13    God:    Nemelex Xobeh [......]
Gold:   16         SH:  0    Dex: 11    Spells: 5/6 levels left

rFire    . . .     SeeInvis .     - Unarmed
rCold    . . .     Gourm    .   (no shield)
rNeg     . . .     Faith    .   (armour unavailable)
rPois    .         Spirit   .   (helmet restricted)
rElec    .         Reflect  .   (no cloak)
rCorr    .         Harm     .   (no gloves)
MR       .....                  (no boots)
Stlth    +.........             (no amulet)
HPRegen  0.07/turn              (no ring)
MPRegen  0.09/turn              (no ring)

@: mighty, lethally poisoned (0 -> -1)
A: unfitting armour, cold-blooded, AC +4
a: Renounce Religion


You were on level 2 of the Dungeon.
You worshipped Nemelex Xobeh.
Nemelex Xobeh was noncommittal.
You were not hungry.

You visited 1 branch of the dungeon, and saw 2 of its levels.

You collected 16 gold pieces.

Inventory:

Missiles
 a - 12 arrows
Scrolls
 d - a scroll of teleportation {unknown}
 e - a scroll of identify {unknown}
Miscellaneous
 f - a plain deck of summoning {drawn: 2}
Comestibles
 b - 2 chunks of flesh
 c - a ration


   Skills:
 - Level 1.1 Fighting
 + Level 2.0 Dodging
 + Level 3.2 Unarmed Combat
 * Level 2.5 Spellcasting
 * Level 2.5 Transmutations


You had 5 spell levels left.
You knew the following spells:

 Your Spells              Type           Power        Failure   Level  Hunger
a - Beastly Appendage     Tmut           #.....       9%          1    #......

Your spell library contained the following spells:

 Spells                   Type           Power        Failure   Level  Hunger
 Sticks to Snakes         Tmut           #.......     13%         2    ###....
 Spider Form              Tmut/Pois      #.........   41%         3    ###....
 Ice Form                 Ice/Tmut       #.......     82%         4    #####..
 Blade Hands              Tmut           #.........   94%         5    ######.


Dungeon Overview and Level Annotations

Branches:
Dungeon (2/15)

Altars:
Dithmenos
Nemelex Xobeh


Innate Abilities, Weirdness & Mutations

Your plain brown scales are hard. (AC +4)
You cannot fit into any form of body armour.
You are cold-blooded and may be slowed by cold attacks.


Message History

* * * LOW HITPOINT WARNING * * *
You feel sick. The adder misses your ice beast.
Your raiju barely misses the adder.
Your hand axe of venom hits the adder.
The adder barely misses your ice beast.
Your raiju bites the adder.
Your raiju shocks the adder!
The adder dies!
* * * LOW HITPOINT WARNING * * *
You feel sick.
Your raiju disappears in a puff of smoke!
* * * LOW HITPOINT WARNING * * *
You feel sick.
Your ice beast disappears in a puff of smoke!
Your hand axe of venom disappears in a puff of smoke!
* * * LOW HITPOINT WARNING * * *
You feel sick.
You see here a murky emerald potion.
It was a potion of might.
You feel very mighty all of a sudden.
You die...
Your body disappears without a glow.

.....!.?....#.#§###..#
.............#§§§#.....
............#.#§#§#.....
....#........§.§§§......
##########.##[#§#.#.#...
#.###§§§#......
#.##.#§#...#...
#....#§§.......
########....@.......
#####....# #....#.##....
.........###...##.# #..
...............# .#
...(.......(..## .#
..........#.##....#
.......)###.# .####
........# #.# .#
.§....††# #.# (#


There were no monsters in sight!

Vanquished Creatures
  An ooze (D:1)
  2 dart slugs (D:1)
  A goblin (D:1)
  2 hobgoblins (D:1)
  A bat (D:1)
  A frilled lizard (D:1)
  3 rats (D:1)
11 creatures vanquished.

Vanquished Creatures (collateral kills)
  An adder (D:2)
  A leopard gecko (D:2)
  A giant cockroach (D:2)
  A goblin (D:2)
  A kobold (D:2)
  A rat (D:2)
6 creatures vanquished.

Grand Total: 17 creatures vanquished

Notes
Turn   | Place    | Note
-------+----------+-------------------------------------------
     0 | D:1      | Holzbalken the Draconian Transmuter began the quest for the
                  | Orb.
     0 | D:1      | Reached XP level 1. HP: 16/16 MP: 3/3
   232 | D:1      | Found a sparkling altar of Nemelex Xobeh.
   250 | D:1      | Became a worshipper of Nemelex Xobeh the Trickster
   295 | D:1      | Reached XP level 2. HP: 22/23 MP: 5/5
   528 | D:2      | Found a shadowy altar of Dithmenos.
   549 | D:2      | Received a gift from Nemelex Xobeh
   572 | D:2      | HP: 1/23 [poisoned by an adder]
   580 | D:2      | Succumbed to an adder's poison

Vault maps used:
D:1:      dpeg_arrival_chase, st_stairs_11, nemelex_altar_shiori
D:2:      lemuel_crystal_altar, grunt_dithmenos_smoke_and_mirrors

Skill      XL: |  1  2 |
---------------+-------+-----
Dodging        | 2 |  2.0
Fighting       | |  1.1
Unarmed Combat | |  3.2
Spellcasting   | |  2.5
Transmutations | |  2.5

Action                   || total
-------------------------++-------
Melee: Unarmed           ||    30
 Cast: Beastly Appendage ||     1
Evoke: Deck              ||     2
  Use: Potion            ||     1
Armor: Skin              ||    11
Dodge: Dodged            ||    36

Table legend:
 A = Non-vault XP
 B = Vault XP
 C = Vault XP percentage of total XP
 D = Non-vault monster count
 E = Vault monster count
 F = Vault count percentage of total count
                 A         B        C        D         E       F
            +---------+---------+-------+---------+---------+-------
      Total |      24 |      15 |  38.5 |      14 |       3 |  17.6
            +---------+---------+-------+---------+---------+-------
        D:1 |      11 |      15 |  57.7 |       8 |       3 |  27.3
        D:2 |      13 |       0 |   0.0 |       6 |       0 |   0.0
            +---------+---------+-------+---------+---------+-------
